 Dungeon Crawl Stone Soup version 0.26.0-10-g1f06aea511 (webtiles) character file.

Game seed: 3961753234216357939

191 vatarom the Unweaver (level 5, -6/63 HPs)
             Began as a Demonspawn Abyssal Knight on Jan 17, 2021.
             Was a Follower of Lugonu.
             Killed by divine providence
             ... invoked by an orc priest
              (14 damage)
             ... on level 3 of the Dungeon.
             The game lasted 00:04:07 (1855 turns).

vatarom the Unweaver (Demonspawn Abyssal Knight)    Turns: 1855, Time: 00:04:08

Health: -6/63      AC: 26    Str: 13 (14) XL:     5   Next: 42%
Magic:  8/8        EV:  2    Int: 14 (15) God:    Lugonu [*.....]
Gold:   88         SH:  0    Dex:  9 (12) Spells: 4/4 levels left

rFire    . . .     SeeInvis .   a - +1 mace
rCold    . . .     Faith    .   (no shield)
rNeg     + + +     Spirit   .   (armour currently unavailable)
rPois    +         Reflect  .   (helmet currently unavailable)
rElec    .         Harm     .   (cloak currently unavailable)
rCorr    .         Rampage  .   (gloves currently unavailable)
Will     .....     NoTele   +   (boots currently unavailable)
Stlth    +.........             e - amulet of regeneration
HPRegen  0.60/turn              p - +4 ring of protection
MPRegen  0.11/turn              (no ring)

@: tree-form
A: miasma immunity, big brain 1
a: Renounce Religion, Depart the Abyss


You were on level 3 of the Dungeon.
You worshipped Lugonu.
Lugonu was aware of your devotion.
You were a tree.
You visited 1 branch of the dungeon, and saw 3 of its levels.
You visited the Abyss 1 time.

You collected 88 gold pieces.

Inventory:

Hand Weapons
 a - a +1 mace (weapon)
Missiles
 c - 5 silver javelins
 i - 15 poisoned darts
 j - 5 boomerangs
Armour
 b - a +0 leather armour (melded)
 f - a +0 pair of gloves (melded)
Jewellery
 e - an amulet of regeneration (around neck)
 p - a +4 ring of protection (left branch)
Scrolls
 d - a scroll of teleportation {unknown}
 k - a scroll of enchant weapon {unknown}
 l - a scroll of remove curse {@r2}
 m - a scroll of fog


   Skills:
 + Level 4.0 Fighting
 * Level 3.9 Maces & Flails
 - Level 1.8 Armour
 - Level 1.0 Dodging
 - Level 4.0 Invocations


You had 4 spell levels left.
You didn't know any spells.
Your spell library was empty.

Dungeon Overview and Level Annotations

Branches:
Dungeon (3/15)

Altars:
Makhleb
Okawaru
Ru


Innate Abilities, Weirdness & Mutations

((You are partially covered in sharp spines.))
You are immune to miasma.
You have an unusually large brain. (Int +2)


Message History

Your roots penetrate the ground.
The dart slug launches a dart at you.
The slug dart hits you but does no damage.
It was a potion of degeneration.
There was something very wrong with that liquid.
You feel weakened.
You feel dopey.
You feel clumsy.
You hit the dart slug.
The dart slug is lightly wounded.
The dart slug barely misses you.
You hit the dart slug.
The dart slug is severely wounded.
The dart slug bites you but does no damage.
You completely miss the dart slug.
The dart slug is severely wounded.
You hit the dart slug but do no damage.
The dart slug is severely wounded.
The dart slug bites you but does no damage.
The orc priest invokes the aid of Beogh against you.
Beogh smites you!
You die...

#######...####
#...# .......
##.## #...o.# #.#
#.....#
#.#######.....#
#........._8_.#
#..######o.o..#
#..######.....#
#.....♣##.)..####
##.....wor........
#.###.##.....#.##
#..........!##
#.###........# #.#
#####.###.# #.#
#.# ## #. ..# ##


You could see an orc priest, a dart slug and a rat.

Vanquished Creatures
  An orc priest (D:3)
  2 orc wizards
  4 adders
  An ooze (D:2)
  A worm (D:2)
  2 leopard geckos (D:2)
  7 orcs (D:3)
  2 bats
  2 giant cockroaches
  11 goblins
  4 hobgoblins
  3 jackals (D:2)
  4 frilled lizards
  7 kobolds
  5 rats
56 creatures vanquished.

Notes
Turn   | Place    | Note
-------+----------+-------------------------------------------
     0 | Abyss:1  | vatarom the Demonspawn Abyssal Knight began the quest for
                  | the Orb.
     0 | Abyss:1  | Reached XP level 1. HP: 18/18 MP: 2/2
    13 | D:1      | Escaped the Abyss
    79 | D:1      | Reached skill level 1 in Dodging
   392 | D:1      | Gained mutation: You are immune to miasma. [demonic
                  | ancestry]
   392 | D:1      | Reached XP level 2. HP: 24/24 MP: 4/4
   949 | D:2      | Reached * piety under Lugonu
   958 | D:2      | Gained mutation: You have an unusually large brain. (Int
                  | +2) [demonic ancestry]
   958 | D:2      | Reached XP level 3. HP: 28/29 MP: 5/5
  1404 | D:2      | Found a sacrificial altar of Ru.
  1414 | D:2      | Reached XP level 4. HP: 36/36 MP: 6/6
  1716 | D:3      | Gained mutation: You are partially covered in sharp spines.
                  | [demonic ancestry]
  1716 | D:3      | Reached XP level 5. HP: 42/42 MP: 6/8
  1839 | D:3      | Found a burning altar of Makhleb.
  1841 | D:3      | Found an iron altar of Okawaru.
  1848 | D:3      | HP: 2/42 [orc priest/divine providence (9)]
  1855 | D:3      | Killed from afar by an orc priest

Illustrated notes

Levels and vault maps discovered:
D:1:      minmay_arrival_cross, layout_loops_ring, grunt_decor_fettered
D:2:      layout_loops_cross, nicolae_ru_great_annihilating_truth
D:3:      layout_loops_corners, chequers_temple_overflow_statue_of_worship,
          st_stairs_13, fountainhead, uniq_robin, uniq_crazy_yiuf_cottage

Skill      XL: |  1  2  3  4  5 |
---------------+----------------+-----
Dodging        | 1 |  1.0
Maces & Flails | 2 3 |  3.9
Invocations    | 3 4 |  4.0
Fighting       | 4 |  4.0
Armour         | |  1.8

Action                   |  1- 3 |  4- 6 || total
-------------------------+-------+-------++-------
Melee: Mace              |   124 |    88 ||   212
Invok: Depart the Abyss  |     1 |       ||     1
  Use: Scroll            |     6 |       ||     6
       Potion            |     1 |     2 ||     3
 Stab: Paralysed         |       |     1 ||     1
Armor: Leather armour    |    68 |    38 ||   106
       Skin              |       |     3 ||     3
Dodge: Dodged            |    92 |    66 ||   158
